 Dungeon Sprint DCSS version 0.30.1-4-g462c640d31 (webtiles) character file.

Game seed: 986192280744193886

21891 boopmooplesden the Bludgeoner (level 12, -6/133 HPs)
             Began as an Armataur Berserker on Aug 16, 2023.
             Was the Champion of Trog.
             Succumbed to poison (poison gas)
             ... in the Dungeon (Sprint VII: "The Pits").
             The game lasted 00:09:31 (2761 turns).

boopmooplesden the Bludgeoner (Armataur Berserker)  Turns: 2761, Time: 00:09:31

Health: -6/133     AC: 25    Str: 28    XL:     12   Next: 58%
Magic:  12/12      EV: 15    Int:  8    God:    Trog [******]
Gold:   35         SH:  0    Dex:  9    Spells: 11/11 levels left

rFire   . . .        J - +2 eveningstar
rCold   . . .        (no shield)
rNeg    . . .        s - +4 chain mail
rPois   .            q - +2 helmet
rElec   .            r - +2 cloak
rCorr   .            (no gloves)
SInv    .            (no barding)
Will    .....        (no amulet) Stlth
                     n - +3 ring of evasion
HPRegen 0.42/turn    o - +3 ring of evasion
MPRegen 0.13/turn

%: no teleportation, roll
@: lethally poisoned (-6 -> -46), on berserk cooldown, slowed, very slow
A: large, rugged brown scales 3, deformed body, armoured tail, roll, long
tongue, awkward tongue
a: Renounce Religion, Berserk, Trog's Hand, Brothers in Arms


You were in the Dungeon.
You worshipped Trog.
Trog was exalted by your worship.
You visited 1 branch You collected 35 gold pieces.

Inventory:

Hand Weapons
 a - a +0 mace
 i - a +2 mace
 m - a +0 heavy flail
 p - a +2 dire flail of protection
 t - a +3 antimagic great mace
 u - a +3 quick blade of flaming
 v - a +3 great mace of flaming
 w - a +6 antimagic dire flail
 J - a +2 eveningstar (weapon)
Missiles
 F - 2 throwing nets (quivered)
Armour
 b - a +0 animal skin
 l - a +3 chain mail
 q - a +2 helmet (worn)
 r - a +2 cloak (worn)
 s - a +4 chain mail (worn)
 I - a +0 plate armour
Jewellery
 n - a +3 ring of evasion (left hand)
 o - a +3 ring of evasion (right hand)
 x - a ring of willpower
 A - a ring of protection from cold
 G - a +6 ring of intelligence
Wands
 z - a wand of roots (6)
 H - a wand of mindburst (14)
Scrolls
 h - 3 scrolls of blinking
 k - a scroll of butterflies
 y - 4 scrolls of identify
 B - 2 scrolls of enchant armour
 C - a scroll of fear
 E - a scroll of enchant weapon
Potions
 c - 8 potions of curing
 d - 7 potions of heal wounds
 e - 4 potions of haste
 f - 4 potions of magic
 g - 3 potions of berserk rage
 j - 2 potions of invisibility
 D - 2 potions of might


   Skills:
 + Level 17.4 Fighting
 + Level 19.1 Maces & Flails
 + Level 18.7 Armour
 + Level 6.9 Dodging
 + Level 3.0 Stealth


You had 11 spell levels left.
You didn't know any spells.
Your spell library was empty.

Dungeon Overview and Level Annotations

Branches:
Dungeon (1/1)

Altars:


Innate Abilities, Weirdness & Mutations

You are completely covered in rugged brown scales. (AC +3, +7% HP)
Armour fits poorly on your strangely shaped body.
You have a long armoured tail.
You roll when moving toward enemies. (Rampage)
Your long tongue fully drains potion bottles. (2x potion effects)
Your tongue gives you trouble enunciating. (1.5x scroll delay)


Message History

You feel extremely sick. The rime drake closely misses you.
You puncture the rime drake!
The rime drake is almost dead.
You are engulfed in poison gas.
You are more poisoned.
You feel extremely sick.
You barely miss the rime drake.
The rime drake is almost dead.
You are engulfed in poison gas.
You are lethally poisoned!
You feel extremely sick. The rime drake bites you.
You spit the rime drake like a pig!!!
You kill the rime drake!
Trog accepts your kill.
You are engulfed in poison gas.
You are more poisoned.
* * * LOW HITPOINT WARNING * * *
You feel extremely sick.
* * * LOW HITPOINT WARNING * * *
You feel extremely sick.
Things that are here:
+0 swamp dragon scales; a swamp dragon corpse You feel a strong urge to attack something.
The ice encasing you melts away.
* * * LOW HITPOINT WARNING * * *
You feel extremely sick.
Unknown command.
* * * LOW HITPOINT WARNING * * *
You feel extremely sick.
Unknown command.
You feel your anger nearly subside.
* * * LOW HITPOINT WARNING * * *
You feel extremely sick.
* * * LOW HITPOINT WARNING * * *
You feel extremely sick.
Your blood rage is quickly leaving you.
You are no longer berserk.
You are exhausted.
You feel yourself slow down.
You die...

#)##..####''####''######
)#)#..##......##........
####..##.#+##.##).......
......##.#..'.##[.######
......##.+.)#.##..#
########.#))).##..# ###
#.))(#.##..# ..#
#.##)#.##..# ..#
#......##@.# ..+
#########..# ..+ #..# ..#
...# ..# ...# ### #####
############# ############
#..)...##...### #!...!.!...#
...#).##......###....#####'#


There were no monsters in sight!

Vanquished Creatures
  Saint Roka (D)
  A stone giant (D)
  A merfolk impaler (D)
  A blizzard demon (D)
  A great orb of eyes (D)
  A catoblepas (D)
  A death knight (D)
  An alligator (D)
  A centaur warrior (D)
  Sonja (D)
  A sea snake (D)
  A flayed ghost (D)
  A swamp dragon (D)
  A wizard (D)
  A deep elf pyromancer (D)
  A manticore (D)
  2 elephants (D)
  Maurice (D)
  A guardian serpent (D)
  A molten gargoyle (D)
  An orange demon (D)
  A cane toad (D)
  A rime drake (D)
  A yaktaur (D)
  A guardian mummy (D)
  3 merfolk (D)
  A troll (D)
  A hornet (D)
  A tarantella (D)
  A snapping turtle (D)
  A wraith (D)
  2 ynoxinuls (D)
  A wyvern (D)
  12 yaks (D)
  A basilisk (D)
  A redback (D)
  A warg (D)
  A small abomination (D)
  A floating eye (D)
  An acid dragon (D)
  4 orc warriors (D)
  A wolf (D)
  2 centaurs (D)
  2 necrophages (D)
  A scorpion (D)
  5 wights (D)
  A killer bee (D)
  2 crimson imps (D)
  A hound (D)
  3 orc priests (D)
  6 orc wizards (D)
  2 iguanas (D)
  2 adders (D)
  2 gnolls (D)
  A river rat (D)
  An adder skeleton (D)
  13 orcs (D)
  An endoplasm (D)
  A ball python (D)
  A ball python zombie (D)
  A bat (D)
  A kobold (D)
109 creatures vanquished.

Vanquished Creatures (collateral kills)
  A lorocyproca (D)
  A deep elf pyromancer (D)
  A rust devil (D)
  A demonic crawler (D)
  A tyrant leech (D)
  2 merfolk (D)
  A water elemental (D)
  A vampire (D)
  A fire bat (D)
  A crimson imp (D)
  A jelly (D)
  An orc priest (D)
  An orc wizard (D)
14 creatures vanquished.

Vanquished Creatures (others)
  An unseen horror (D)
  2 killer bees (D)
3 creatures vanquished.

Grand Total: 126 creatures vanquished

Notes
Turn   | Place    | Note
-------+----------+-------------------------------------------
     0 | D        | boopmooplesden the Armataur Berserker began the quest for
                  | the Orb.
     0 | D        | Reached XP level 1. HP: 19/19 MP: 1/1
     8 | D        | Noticed a scorpion
    13 | D        | Killed a scorpion
    14 | D        | Reached skill level 5 in Fighting
    14 | D        | Reached skill level 5 in Maces & Flails
    14 | D        | Reached XP level 2. HP: 15/31 MP: 2/2
    14 | D        | Reached XP level 3. HP: 19/38 MP: 3/3
   191 | D        | Noticed a floating eye
   196 | D        | Killed a floating eye
   197 | D        | Reached skill level 6 in Maces & Flails
   197 | D        | Reached XP level 4. HP: 48/48 MP: 4/4
   197 | D        | Reached XP level 5. HP: 54/54 MP: 5/5
   197 | D        | Reached ** piety under Trog
   215 | D        | Reached skill level 7 in Maces & Flails
   227 | D        | Reached *** piety under Trog
   298 | D        | Noticed a centaur
   305 | D        | Reached skill level 5 in Armour
   307 | D        | Killed a centaur
   307 | D        | Reached **** piety under Trog
   308 | D        | Reached skill level 8 in Maces & Flails
   308 | D        | Reached XP level 6. HP: 46/65 MP: 6/6
   536 | D        | Reached ***** piety under Trog
   537 | D        | Reached skill level 9 in Maces & Flails
   567 | D        | Noticed a tarantella
   571 | D        | Killed a tarantella
   572 | D        | Reached XP level 7. HP: 74/74 MP: 7/7
   613 | D        | Noticed a redback
   615 | D        | Received a gift from Trog
   619 | D        | Killed a redback
   620 | D        | Reached skill level 10 in Maces & Flails
   777 | D        | Noticed a yak
   777 | D        | Noticed a yak
   777 | D        | Noticed a yak
   777 | D        | Noticed an orange demon
   789 | D        | Killed an orange demon
   790 | D        | Reached skill level 10 in Fighting
   790 | D        | Reached skill level 11 in Maces & Flails
   790 | D        | Reached XP level 8. HP: 84/84 MP: 8/8
   794 | D        | Reached ****** piety under Trog
   795 | D        | Received a gift from Trog
   796 | D        | Reached skill level 1 in Stealth
   849 | D        | Noticed a merfolk
   850 | D        | Noticed a snapping turtle
   852 | D        | Reached skill level 12 in Maces & Flails
   860 | D        | Killed a merfolk
   861 | D        | Reached skill level 10 in Armour
   867 | D        | Killed a snapping turtle
   868 | D        | Reached XP level 9. HP: 95/95 MP: 9/9
   876 | D        | Noticed a molten gargoyle
   882 | D        | Killed a molten gargoyle
   883 | D        | Reached skill level 13 in Maces & Flails
  1044 | D        | Received a gift from Trog
  1050 | D        | Noticed Maurice
  1050 | D        | Noticed a centaur warrior
  1059 | D        | Noticed an alligator
  1064 | D        | Killed Maurice
  1068 | D        | Killed a centaur warrior
  1068 | D        | Received a gift from Trog
  1069 | D        | Reached skill level 14 in Maces & Flails
  1069 | D        | Noticed a deep elf pyromancer
  1080 | D        | Killed an alligator
  1081 | D        | Reached skill level 5 in Dodging
  1081 | D        | Reached XP level 10. HP: 100/103 MP: 10/10
  1083 | D        | Killed a deep elf pyromancer
  1085 | D        | Reached skill level 15 in Maces & Flails
  1107 | D        | Received a gift from Trog
  1120 | D        | Noticed a manticore
  1127 | D        | Killed a manticore
  1290 | D        | Noticed a sea snake
  1297 | D        | Killed a sea snake
  1297 | D        | Received a gift from Trog
  1303 | D        | Reached skill level 16 in Maces & Flails
  1729 | D        | Noticed a wizard
  1729 | D        | Noticed an elephant
  1729 | D        | Noticed an elephant
  1729 | D        | Noticed a flayed ghost
  1743 | D        | Killed an elephant
  1744 | D        | Reached XP level 11. HP: 86/115 MP: 11/11
  1750 | D        | Received a gift from Trog
  1785 | D        | Killed a flayed ghost
  1797 | D        | Killed a wizard
  1797 | D        | Received a gift from Trog
  1798 | D        | Reached skill level 15 in Armour
  1822 | D        | Received a gift from Trog
  2018 | D        | Noticed a great orb of eyes
  2018 | D        | Noticed a merfolk impaler
  2018 | D        | Noticed a stone giant
  2029 | D        | Killed a stone giant
  2030 | D        | Reached skill level 17 in Maces & Flails
  2038 | D        | Killed a great orb of eyes
  2039 | D        | Reached skill level 15 in Fighting
  2041 | D        | Killed a lorocyproca
  2053 | D        | Killed a merfolk impaler
  2053 | D        | Received a gift from Trog
  2357 | D        | Noticed a deep elf pyromancer
  2357 | D        | Noticed a blizzard demon
  2357 | D        | Noticed a catoblepas
  2362 | D        | Killed a deep elf pyromancer
  2366 | D        | Noticed Saint Roka
  2375 | D        | Killed Saint Roka
  2376 | D        | Reached skill level 18 in Maces & Flails
  2376 | D        | Reached XP level 12. HP: 130/130 MP: 4/12
  2378 | D        | Received a gift from Trog
  2379 | D        | Noticed Sonja
  2382 | D        | Killed a blizzard demon
  2385 | D        | Killed a catoblepas
  2386 | D        | Noticed a death knight
  2386 | D        | Identified the staff of death "Toagury" {rPois rF+ rN+
                  | Int+3 Dex-4}
  2389 | D        | Identified the +3 quick blade "Varosa" {venom, rCorr}
  2399 | D        | Received a gift from Trog
  2400 | D        | Received a gift from Trog
  2458 | D        | Killed a death knight
  2458 | D        | Received a gift from Trog
  2459 | D        | Killed Sonja
  2491 | D        | Reached skill level 19 in Maces & Flails
  2749 | D        | Identified the +6 dire flail of the Wary Knaves {heavy, rC-
                  | rN+ Will+ Dex+2} (Trog gifted it to you in the Dungeon)
  2749 | D        | Received a gift from Trog
  2759 | D        | HP: 9/199 [poison (poison gas)]
  2760 | D        | HP: 1/199 [poison (poison gas)]
  2761 | D        | Succumbed to poison (poison gas)

Illustrated notes

Levels and vault maps discovered:
D:        pitsprint [storerooms_1, entrance_room_1, metal_vault_7, armoury_1,
          mini_pit_1, grid_room_1, main_hall_1, silver_pit, the_coven_1,
          the_vestibule_1, steel_vault_5, golden_pit, hallway_of_sentries,
          crystal_vault_4, iron_vault_2, final_vault]

Skill      XL: |  1  2  3  4  5  6  7  8  9 10 11 12 |
---------------+-------------------------------------+-----
Fighting       | 5 6 8 9 10 11 12 13 16 17 | 17.4
Maces & Flails | 5 6 8 9 11 12 14 16 18 19 | 19.1
Armour         | 3 4 5 7 8 10 12 14 17 18 | 18.7
Dodging        | 2 3 4 5 6 |  6.9
Stealth        | 1 2 3 |  3.0

Action                     |  1- 3 |  4- 6 |  7- 9 | 10-12 || total
---------------------------+-------+-------+-------+-------++-------
  Melee: Mace              |     8 |    19 |       |       ||    27
         Tailslap          |     2 |     3 |    11 |    32 ||    48
         Flail             |       |    23 |    28 |       ||    51
         Punch             |       |     2 |     1 |       ||     3
         Dire flail        |       |       |    78 |   252 ||   330
         Eveningstar       |       |       |       |    11 ||    11
 Invoke: Berserk           |       |     3 |     4 |     6 ||    13
         Brothers in Arms  |       |       |       |     3 ||     3
         Trog's Hand       |       |       |       |     1 ||     1
    Use: Potion            |       |       |       |     9 ||     9
         Scroll            |       |       |       |     5 ||     5
 Armour: Animal skin       |     3 |     3 |       |       ||     6
         Chain mail        |       |    14 |    44 |   161 ||   219
  Dodge: Dodged            |     3 |    12 |    37 |   219 ||   271
